 Dungeon Crawl Stone Soup version 0.19-a0-36-g4a0968a (webtiles) character file.

276 Cobra the Chopper (level 6, -6/55 HPs)
             Began as a Minotaur Berserker on May 3, 2016.
             Was a Believer of Trog.
             Mangled by an ogre
             ... wielding a +0 giant club
              (16 damage)
             ... on level 4 of the Dungeon.
             The game lasted 00:17:19 (2743 turns).

Cobra the Chopper (Minotaur Berserker)              Turns: 2743, Time: 00:17:19

Health: -6/55      AC:  6    Str: 23    XL:     6   Next: 4%
Magic:  5/5        EV: 11    Int:  4    God:    Trog [**....]
Gold:   149        SH:  0    Dex: 10    Spells: 0 memorised, 5 levels left

rFire  . . .     SeeInvis .     a - +0 hand axe
rCold  . . .     Gourm    .     o - +0 scale mail
rNeg   . . .     Faith    .     (no shield)
rPois  .         Spirit   .     (helmet restricted)
rElec  .         Dismiss  .     (no cloak)
rCorr  .         Reflect  .     (no gloves)
SustAt .         Harm     .     (no boots)
MR     +....                    (no amulet)
Stlth  ..........               (no ring)
                                j - ring of protection from magic

@: somewhat resistant to hostile enchantments, extremely unstealthy
A: retaliatory headbutt, horns 2
a: Berserk, Trog's Hand, Burn Spellbooks, Renounce Religion


You were on level 4 of the Dungeon.
You worshipped Trog.
Trog was pleased with you.
You were hungry.

You visited 1 branch of the dungeon, and saw 4 of its levels.

You collected 149 gold pieces.

Inventory:

Hand Weapons
 a - a +0 hand axe (weapon)
Missiles
 d - a throwing net (quivered)
Armour
 b - a +0 animal skin
 g - a +0 ring mail
 m - a +0 chain mail
 o - a +0 scale mail (worn)
 w - a +0 helmet
Jewellery
 j - a ring of protection from magic (left hand)
Scrolls
 e - a scroll of magic mapping {unknown}
 i - a scroll of enchant weapon {unknown}
 l - a scroll of enchant armour {unknown}
 p - 3 scrolls of remove curse
 s - a scroll of teleportation {unknown}
Potions
 f - a potion of might {unknown}
 k - 2 potions of heal wounds {unknown}
 r - a potion of mutation {unknown}
 u - a potion of haste {unknown}
Books
 n - a book of Flames

   Spells                             Type                      Level
   a - Flame Tongue                   Conjuration/Fire             1
   b - Throw Flame                    Conjuration/Fire             2
   c - Conjure Flame                  Conjuration/Fire             3
   d - Inner Flame                    Hexes/Fire                   3
   e - Sticky Flame                   Conjuration/Fire             4
   f - Fireball                       Conjuration/Fire             5
   Trog disapproves of the use of such an item.
Comestibles
 c - 2 bread rations
 h - 2 meat rations
 q - a slice of pizza
 t - a fruit
 v - 4 chunks of flesh


   Skills:
 + Level 4.8 Fighting
 * Level 5.4 Axes
 - Level 3.5 Armour
 + Level 4.2 Dodging
 - Level 1.0 Stealth


You had 5 spell levels left.
You didn't know any spells.

Dungeon Overview and Level Annotations

Branches:
Dungeon (4/15)
 Temple: D:4-7

Altars:
Ashenzari
Yredelemnul


Innate Abilities, Weirdness & Mutations

You reflexively headbutt those who attack you in melee.
You have a pair of horns on your head.


Message History

The quokka bites you but does no damage.
The quokka closely misses you. The quokka barely misses you.
You feel the effects of Trog's Hand fading.
The quokka bites you.
* * * LOW HITPOINT WARNING * * *
The quokka bites you.
* * * LOW HITPOINT WARNING * * *
The quokka bites you but does no damage.
Your skin stops crawling.
You feel less resistant to hostile enchantments.
The quokka barely misses you.
The quokka bites you but does no damage.
The quokka bites you.
* * * LOW HITPOINT WARNING * * *
Found a murky ruby potion.
You see here 8 gold pieces.
The quokka bites you but does no damage.
The ogre hits you with a giant club!
You die...

...#.##.####...#.##.#..
%...(...#####..#.##.#..
..##...................
#........######.#....##.
##.##.#.......#......##.
..........###.#....#....
.........[...........##.
#..###.r$..#.#.#.......
##....@O...#...#.#.....
..!...(.................
..............##.....##.
..........##..##.....##.
.................#...##.
......##..##.##.###..##.
###... ...# .#.......##.
##.. #.. #........#O
...####..#.


You could see an ogre and a quokka.

Vanquished Creatures
  A scorpion (D:4)
  A howler monkey (D:4)
  A giant frog skeleton (D:4)
  Terence (D:2)
  Ijyb (D:3)
  A worker ant (D:4)
  4 adders
  2 worms
  2 dart slugs
  An orc (D:3)
  A giant cockroach (D:2)
  9 goblins
  4 hobgoblins (D:2)
  2 jackals (D:2)
  6 kobolds
  3 quokkas
  5 giant newts
  5 rats
50 creatures vanquished.

Notes
Turn   | Place    | Note
--------------------------------------------------------------
     0 | D:1      | Cobra the Minotaur Berserker began the quest for the Orb.
     0 | D:1      | Reached XP level 1. HP: 19/19 MP: 0/0
   322 | D:2      | Reached XP level 2. HP: 27/27 MP: 1/1
   323 | D:2      | Reached skill level 4 in Axes
  1184 | D:2      | Found a basalt altar of Yredelemnul.
  1232 | D:2      | Found a shattered altar of Ashenzari.
  1238 | D:2      | Reached ** piety under Trog
  1259 | D:2      | Reached XP level 3. HP: 30/33 MP: 2/2
  1325 | D:2      | Noticed Terence
  1333 | D:2      | Killed Terence
  1465 | D:2      | Reached XP level 4. HP: 33/40 MP: 3/3
  1773 | D:3      | Noticed Ijyb
  1791 | D:3      | Killed Ijyb
  2138 | D:3      | Reached skill level 5 in Axes
  2524 | D:4      | Reached XP level 5. HP: 43/47 MP: 4/4
  2617 | D:4      | Reached skill level 1 in Stealth
  2658 | D:4      | Noticed an ogre
  2698 | D:4      | Reached XP level 6. HP: 7/55 MP: 5/5
  2713 | D:4      | HP: 2/55 [quokka (1)]
  2743 | D:4      | Mangled by an ogre

Vault maps used:
D:1:      kilobyte_arrival_exit_the_forest
D:2:      ashenzari_altar_1, yredelemnul_altar_generic,
          minmay_tree_intersection, uniq_terence
D:3:      uniq_iyjb
D:4:      kennysheep_goblin_castle, kennysheep_mini, lemuel_doored_altar,
          gammafunk_temple_overflow_claw, first_bread

Skill      XL: |  1  2  3  4  5 |
---------------+----------------+-----
Axes           | 4 5 |  5.4
Fighting       | 4 |  4.8
Dodging        | 3 4 |  4.2
Armour         | 3 |  3.5
Stealth        | 1 |  1.0

Action                   |  1- 3 |  4- 6 || total
-------------------------+-------+-------++-------
Melee: Hand axe          |    66 |    85 ||   151
       Headbutt          |     7 |    15 ||    22
Invok: Berserk           |     2 |     2 ||     4
       Trog's Hand       |       |     1 ||     1
  Use: Scroll            |       |     1 ||     1
  Eat: Chunk             |     4 |     5 ||     9
Armor: Animal skin       |    11 |       ||    11
       Chain mail        |     2 |    10 ||    12
       Scale mail        |       |    29 ||    29
Dodge: Dodged            |    34 |    73 ||   107
